 Dungeon Crawl Stone Soup version 0.30.1-9-gdf580d7c3d (webtiles) character file.

Game seed: 18242031411850596772

29752 Qrupt the Basher (level 13, -7/109 HPs)
             Began as a Human Gladiator on Oct 2, 2023.
             Was the Champion of Okawaru.
             Mangled by Rupert
             ... wielding a +4 triple sword of flaming
              (18 damage)
             ... on level 4 of the Lair of Beasts.
             The game lasted 00:40:16 (17971 turns).

Qrupt the Basher (Human Gladiator)                 Turns: 17971, Time: 00:40:18

Health: -7/109     AC: 10    Str: 15    XL:     13   Next: 83%
Magic:  16/16      EV: 34    Int:  9    God:    Okawaru [******]
Gold:   1510       SH:  0    Dex: 26    Spells: 12/12 levels left

rFire   . . .        E - +5 demon whip (venom)
rCold   . . .        (no shield)
rNeg    . . .        F - +3 steam dragon scales
rPois   .            U - +0 hat "Goisih" {Dex+4}
rElec   +            b - +1 cloak
rCorr   .            (no gloves)
SInv    .            (no boots)
Will    .....        C - amulet "Tempas" {Acrobat rElec Dex+3}
Stlth   ++           i - +5 ring of evasion
HPRegen 0.38/turn    m - +5 ring of evasion
MPRegen 0.15/turn

%: acrobat
@: invisible
A: no striking features
a: Renounce Religion, Heroism, Finesse, Duel


You were on level 4 of the Lair of Beasts.
You worshipped Okawaru.
Okawaru was exalted by your worship.
You visited 3 branches of the dungeon, and saw 17 of its levels.

You collected 1510 gold pieces.

Inventory:

Hand Weapons
 a - a +0 flail
 o - a +2 dagger of venom
 E - a +5 demon whip of venom (weapon)
Missiles
 d - a throwing net
 e - a javelin (quivered)
 T - 7 silver boomerangs
Armour
 b - a +1 cloak (worn)
 c - a +0 helmet
 F - +3 steam dragon scales (worn)
 N - a +0 kite shield
 R - the +2 ring mail of Absence {+Inv rElec Str-4 Int+6}
   (Okawaru gifted it to you on level 1 of the Lair of Beasts)

   Str:       It affects your strength (-4).
   Int:       It affects your intelligence (+6).
   rElec:     It insulates you from electricity.
   +Inv:      It lets you turn invisible.
 U - the +0 hat "Goisih" (worn) {Dex+4}
   (Okawaru gifted it to you on level 4 of the Lair of Beasts)

   Dex:       It affects your dexterity (+4).
Jewellery
 i - a +5 ring of evasion (left hand)
 m - a +5 ring of evasion (right hand)
 C - the amulet "Tempas" (around neck) {Acrobat rElec Dex+3}
   (You found it on level 6 of the Dungeon)

   [amulet of the acrobat]

   It increases your evasion while moving and waiting.
   Dex:       It affects your dexterity (+3).
   rElec:     It insulates you from electricity.
 G - a +4 ring of protection
 J - an amulet of reflection
 M - a ring of poison resistance
Wands
 f - a wand of quicksilver (8)
 p - a wand of mindburst (29)
 O - a wand of digging (7)
 Q - a wand of polymorph (7)
 S - a wand of flame (10)
 V - a wand of roots (4)
Scrolls
 g - 7 scrolls of teleportation
 n - 2 scrolls of vulnerability {unknown}
 q - a scroll of blinking {unknown}
 s - 2 scrolls of silence {unknown}
 v - a scroll of noise {unknown}
 w - 3 scrolls of immolation
 x - a scroll of summoning
 y - 2 scrolls of fear
 B - a scroll of magic mapping {unknown}
 H - a scroll of acquirement {unknown}
 K - 7 scrolls of identify
 L - 2 scrolls of amnesia {unknown}
Potions
 j - 2 potions of might {unknown}
 k - 5 potions of mutation
 l - 9 potions of heal wounds
 r - 5 potions of curing
 t - 3 potions of brilliance
 u - 3 potions of degeneration
 z - 4 potions of lignification
 A - 5 potions of haste {unknown}
 D - 2 potions of ambrosia
 I - 2 potions of flight {unknown}
Miscellaneous
 P - a phantom mirror


   Skills:
 + Level 12.6 Fighting
 + Level 12.8 Maces & Flails
 + Level 3.6 Throwing
 + Level 2.9 Armour
 - Level 12.4 Dodging
 + Level 6.5 Shields
 - Level 5.2 Invocations


You had 12 spell levels left.
You didn't know any spells.
Your spell library contained the following spells:

 Spells                   Type           Power      Damage    Failure   Level
 Magic Dart               Conj           0%         1d3       38%         1
 Mephitic Cloud           Conj/Pois/Air  0%         N/A       77%         3
 Portal Projectile        Hex/Tloc       0%         N/A       77%         3
 Vhi's Electric Charge    Tloc/Air       0%         N/A       77%         3
 Volatile Blastmotes      Fire/Tloc      0%         2d10      77%         3
 Fulminant Prism          Conj/Hex       0%         3d5       99%         4
 Iskenderun's Mystic Bla  Conj/Tloc      0%         2d3       99%         4
 Leda's Liquefaction      Hex/Erth       0%         N/A       99%         4
 Arcjolt                  Conj/Air       0%         1d10      100%        5
 Lee's Rapid Deconstruct  Erth           0%         3d4*      100%        5
 Plasma Beam              Fire/Air       0%         2x1d11    100%        6
 Statue Form              Tmut/Erth      0%         N/A       100%        6
 Call Imp                 Summ           Unusable   N/A       N/A         2
 Call Canine Familiar     Summ           Unusable   N/A       N/A         3

Dungeon Overview and Level Annotations

Branches:
Dungeon (12/15)            Temple (1/1) D:6            Lair (4/5) D:11
  Swamp (0/4) Lair:3        Snake (0/4) Lair:3
  Slime: Lair:4-5       Orc: D:9-12

Altars:
Ashenzari
Cheibriados
Dithmenos
Elyvilon
Fedhas
Gozag
Hepliaklqana
Kikubaaqudgha
Makhleb
Nemelex Xobeh
Okawaru
Qazlal
Ru
Sif Muna
Trog
Uskayaw
Vehumet
Wu Jian
Xom
Yredelemnul
Zin
The Shining One

Shops:
D:4 :   D:9 =

Annotations:
D:10 1 runed translucent door, Tux's ghost, journeyman DrVM
D:12 Jorgrun
Lair:2 2 transporters, Iriovi's ghost, journeyman DECj
Lair:4 exclusions: hydra and oklob plant, Rupert


Message History

Rupert is moderately wounded.
Rupert closely misses you.
You barely miss Rupert.
Rupert is heavily wounded.
Rupert asks, "You're a monster, aren't you?"
Rupert roars madly and goes into a rage!
Rupert goes berserk!
You bump into the rock wall.
You feel less confused.
Rupert hits you with a +4 triple sword of flaming!
Rupert burns you. Rupert completely misses you. Rupert completely misses you.
You whack Rupert!
Rupert looks as sick as possible!
Rupert is heavily wounded.
Rupert hits you with a +4 triple sword of flaming!!
Rupert burns you! Rupert completely misses you.
Really quaff the potion of lignification?
Okay, then.
You catch the helpless Rupert completely off-guard!
You hit Rupert.
Rupert looks as sick as possible!
Rupert is heavily wounded.
Rupert is nearby!
Rupert completely misses you.
You whack Rupert!
Rupert looks as sick as possible!
Rupert is severely wounded.
Rupert misses you.
You barely miss Rupert.
Rupert is severely wounded.
Rupert hits you with a +4 triple sword of flaming!!
* * * LOW HITPOINT WARNING * * *
Rupert burns you!
* * * LOW HITPOINT WARNING * * *
Unknown command.
You feel much better.
Rupert hits you with a +4 triple sword of flaming!!!
* * * LOW HITPOINT WARNING * * *
Rupert burns you!!
You die...

...####.....##
.....# #....##
#....## ##....##
#.....###......##
#P#....#####....##
###.....# ###....##
####....##.###....#
.#####....## #..@.##
.P.# ##....# #..@..#
...#####...####..###
.....##.#...##....##
##...P##....###....#
##.....##....#P...##
##...###.........# #
#...# #.........# #
#...# #...#.....# #
....# ##...##...#


You could see Rupert (berserk, unable to see you, extremely poisoned).

Vanquished Creatures
  A hydra (Lair:3)
  2 two-headed ogres
  2 death yaks
  Amaemon (D:10)
  Lodul (D:10)
  2 elephants (Lair:1)
  A torpor snail (Lair:3)
  An orange demon (D:10)
  3 black mambas
  6 cane toads
  8 komodo dragons
  A kobold demonologist (D:11)
  Psyche (D:8)
  2 rime drakes
  A tyrant leech (Lair:3)
  6 trolls
  9 blink frogs
  4 dream sheep (Lair:4)
  Sigmund (D:4)
  A shadow (D:11)
  A vampire (D:11)
  3 wyverns
  A basilisk (Lair:3)
  44 yaks
  A steam dragon (D:7)
  Menkaure (D:5)
  A swamp worm (Lair:3)
  3 wargs (D:11)
  3 orc warriors
  8 water moccasins
  An ice beast (D:6)
  A black bear (D:5)
  2 sky beasts
  9 ogres
  11 wolves
  10 centaurs
  A phantom (D:4)
  5 bullfrogs
  A gnoll sergeant (D:10)
  3 kobold brigands
  3 scorpions
  4 wights
  6 killer bees (D:7)
  A howler monkey (D:6)
  An electric eel (D:6)
  A lava snake (Lair:1)
  3 hounds
  4 jellies
  4 orc priests
  9 orc wizards
  Natasha (thrice) (D:2)
  5 iguanas
  7 gnolls
  4 adders
  2 white imps
  2 ufetubi
  5 worms
  7 dart slugs
  34 orcs
  5 ball pythons
  6 endoplasms
  5 giant cockroaches (D:1)
  8 goblins
  5 hobgoblins
  7 jackals
  4 quokkas
  5 bats
  2 frilled lizards (D:1)
  18 kobolds
  3 rats
337 creatures vanquished.

Vanquished Creatures (others)
  A fire vortex (Lair:1)
1 creature vanquished.

Grand Total: 338 creatures vanquished

Notes
Turn   | Place    | Note
-------+----------+-------------------------------------------
     0 | D:1      | Qrupt the Human Gladiator began the quest for the Orb.
     0 | D:1      | Reached XP level 1. HP: 16/16 MP: 1/1
    50 | D:1      | Reached XP level 2. HP: 12/22 MP: 2/2
   277 | D:1      | Reached XP level 3. HP: 25/28 MP: 3/3
   725 | D:2      | Noticed Natasha
   737 | D:2      | Killed Natasha
   738 | D:2      | Reached XP level 4. HP: 16/34 MP: 4/4
  1132 | D:2      | Noticed Natasha
  1144 | D:2      | Killed Natasha
  1145 | D:2      | Reached XP level 5. HP: 8/41 MP: 5/5
  1300 | D:2      | Noticed Natasha
  1310 | D:2      | Killed Natasha
  2124 | D:3      | Found a snail-covered altar of Cheibriados.
  2197 | D:3      | Noticed a kobold brigand
  2826 | D:3      | Reached XP level 6. HP: 41/47 MP: 6/6
  3058 | D:4      | Found a shadowy altar of Dithmenos.
  3058 | D:4      | Noticed Sigmund
  3080 | D:4      | Killed Sigmund
  3244 | D:4      | Reached XP level 7. HP: 54/54 MP: 7/7
  3250 | D:4      | Found a stormy altar of Qazlal.
  3286 | D:4      | Reached skill level 5 in Maces & Flails
  3286 | D:4      | Reached skill level 5 in Dodging
  3612 | D:4      | Found Eheb's Vocational Training.
  4051 | D:3      | Reached skill level 5 in Fighting
  4138 | D:5      | Entered Level 5 of the Dungeon
  4214 | D:5      | Found a shimmering blue altar of Sif Muna.
  4296 | D:5      | Reached XP level 8. HP: 57/62 MP: 8/8
  4646 | D:5      | Reached XP level 9. HP: 76/76 MP: 9/9
  4840 | D:5      | Found an ancient bone altar of Kikubaaqudgha.
  4889 | D:5      | Noticed Menkaure
  4920 | D:5      | Killed Menkaure
  5415 | D:5      | Found a white marble altar of Elyvilon.
  5951 | D:6      | Found a staircase to the Ecumenical Temple.
  6064 | Temple   | Entered the Ecumenical Temple
  6125 | Temple   | Became a worshipper of Warmaster Okawaru
  6519 | D:6      | Identified the amulet "Tempas" {Acrobat rElec Dex+3}
  7103 | D:7      | Reached XP level 10. HP: 52/83 MP: 10/10
  7211 | D:7      | Noticed a two-headed ogre
  7246 | D:7      | Killed a two-headed ogre
  7246 | D:7      | Reached * piety under Okawaru
  7247 | D:7      | Reached skill level 10 in Maces & Flails
  7247 | D:7      | Reached skill level 10 in Dodging
  7771 | D:7      | HP: 4/85 [acid (5)]
  8027 | D:7      | Reached skill level 10 in Fighting
  9373 | D:8      | Found a glowing golden altar of the Shining One.
  9465 | D:8      | Noticed Psyche
  9600 | D:9      | Found Qig Kodi's One-of-a-Kind Rings.
  9722 | D:9      | Reached ** piety under Okawaru
  9963 | D:9      | Reached XP level 11. HP: 78/92 MP: 11/11
 10010 | D:9      | Reached *** piety under Okawaru
 10389 | D:9      | Noticed a lindwurm
 10405 | D:9      | Noticed a lindwurm
 10408 | D:9      | Noticed a lindwurm
 10478 | D:8      | Killed Psyche
 10922 | D:8      | Found a hazy altar of Hepliaklqana.
 11110 | D:9      | Noticed a lindwurm
 11140 | D:10     | Entered Level 10 of the Dungeon
 11141 | D:10     | Noticed Amaemon
 11226 | D:10     | Killed Amaemon
 11227 | D:10     | Found an ornate altar of the Wu Jian Council.
 11533 | D:10     | Found a runed translucent door.
 11534 | D:10     | Noticed Tux's ghost (journeyman DrVM)
 11606 | D:10     | Reached **** piety under Okawaru
 11714 | D:10     | Reached skill level 1 in Shields
 12326 | D:10     | Noticed Lodul
 12346 | D:10     | Killed Lodul
 12698 | D:11     | Reached ***** piety under Okawaru
 12819 | D:11     | Reached XP level 12. HP: 100/100 MP: 12/12
 12832 | D:11     | Reached skill level 1 in Invocations
 12870 | D:11     | Noticed a two-headed ogre
 12889 | D:12     | Noticed Jorgrun
 13088 | D:11     | Killed a two-headed ogre
 13296 | D:11     | Found a staircase to the Lair.
 13544 | Lair:1   | Entered Level 1 of the Lair of Beasts
 13616 | Lair:1   | Identified the +2 ring mail of Absence {+Inv rElec Str-4
                  | Int+6} (Okawaru gifted it to you on level 1 of the Lair of
                  | Beasts)
 13616 | Lair:1   | Received a gift from Okawaru
 13695 | Lair:1   | Identified the +7 war axe "Xusasug" {venom, rCorr Int+4}
 14775 | Lair:2   | Found a transporter.
 14776 | Lair:2   | Noticed a seven-headed hydra
 14925 | Lair:2   | Noticed Iriovi's ghost (journeyman DECj)
 15282 | Lair:2   | Found a transporter.
 15300 | Lair:2   | Noticed a boulder beetle
 15694 | Lair:3   | Reached skill level 5 in Shields
 15736 | Lair:3   | Reached XP level 13. HP: 108/108 MP: 16/16
 15821 | Lair:3   | Noticed a four-headed hydra
 16011 | Lair:3   | Reached skill level 5 in Invocations
 16031 | Lair:3   | Found a staircase to the Snake Pit.
 16268 | Lair:3   | Killed a four-headed hydra
 16406 | Lair:3   | Received a gift from Okawaru
 16849 | Lair:3   | Found a staircase to the Swamp.
 16855 | Lair:3   | Reached skill level 1 in Armour
 17190 | Lair:4   | Identified the +0 hat "Goisih" {Dex+4} (Okawaru gifted it
                  | to you on level 4 of the Lair of Beasts)
 17190 | Lair:4   | Received a gift from Okawaru
 17320 | Lair:4   | Noticed an eight-headed hydra
 17576 | Lair:4   | Reached ****** piety under Okawaru
 17931 | Lair:4   | Noticed Rupert
 17942 | Lair:4   | Paralysed by Rupert for 5 turns
 17971 | Lair:4   | Mangled by Rupert

Illustrated notes

Levels and vault maps discovered:
D:1:      scummos_arrival_hexagon, layout_rooms
D:2:      layout_basic, columned_hall_lemuel, minmay_crystal_water, uniq_natasha
D:3:      cheibrodos_thug_alley, layout_basic, cheibriados_altar_1,
          serial_aquarium, aquarium_bridge_square [aquarium_subvault_window,
          aquarium_subvault_balcony, aquarium_subvault_wall,
          aquarium_subvault_bridge], aquarium_bridge_square
          [aquarium_subvault_window, aquarium_subvault_bridge,
          aquarium_subvault_balcony, aquarium_subvault_wall],
          aquarium_window_fake, aquarium_window_fake, aquarium_view_2c,
          aquarium_view_2d, aquarium_pool_four
D:4:      layout_loops_ring, grunt_qazlal_sundering,
          grunt_dithmenos_smoke_and_mirrors, nicolae_shop_vocational,
          uniq_sigmund
D:5:      layout_loops_ring, mainiacjoe_overflow_24_doors,
          kiku_gazebo_pond_becter, elyvilon_altar_3,
          hangedman_abyss_or_decor_jellyfish_corner, uniq_menkaure
D:6:      layout_loops_ring, minmay_temple_entry_hall, kennysheep_generic_room_4
D:7:      layout_layer_cave
D:8:      layout_rooms, mainiacjoe_overflow_catwalk,
          mainiacjoe_overflow_chevrons, serial_glass, glass_columns_a,
          glass_columns_b, uniq_psyche
D:9:      layout_small_grid, enter_bailey_2, nicolae_shop_unique_rings,
          minmay_lindwurm_lava
D:10:     layout_irregular_city, nicolae_overflow_crystal_walls,
          gammafunk_ghost_grave, uniq_lodul, uniq_amaemon
D:11:     layout_loops_ring, erik_lair_orcish_takeover,
          chequers_serial_rivers_micro_d
D:12:     layout_basic, orc_0_dummy, uniq_jorgrun
Temple:   cyrus_circular_temple
Lair:1:   layout_gridlike, serial_forest, infiniplex_forest_zigzag_1,
          infiniplex_forest_pool, infiniplex_forest_zigzag_1,
          infiniplex_forest_straight_2, infiniplex_forest_clump_large,
          amcnicky_mini_pool_medium, lemuel_fruit_tree
Lair:2:   layout_cave_pods, nzn_ghost_randoct, nicolae_quartered_pool_medium,
          hangedman_lair_unloving_vines
Lair:3:   layout_long_grid, minmay_swamp_entry_worms, dummy_snake_entry,
          minmay_holes, minmay_shattered_shrine
Lair:4:   layout_concentric_octagons, fungi_pond_lemuel, beast_lair_carwin_1,
          serial_bayou_shore_b, grunt_megastairs_5, uniq_rupert

Skill      XL: |  1  2  3  4  5  6  7  8  9 10 11 12 13 |
---------------+----------------------------------------+-----
Fighting       | 3 4 5 9 10 11 12 | 12.6
Maces & Flails | 4 5 9 10 11 12 | 12.8
Dodging        | 4 5 9 10 11 12 | 12.4
Shields        | 2 5 6 |  6.5
Invocations    | 4 5 |  5.2
Armour         | 2 |  2.9
Throwing       | 3 |  3.6

Action                     |  1- 3 |  4- 6 |  7- 9 | 10-12 | 13-15 || total
---------------------------+-------+-------+-------+-------+-------++-------
  Melee: Flail             |    88 |    26 |   201 |   358 |    14 ||   687
         Dagger            |       |   127 |   116 |    32 |       ||   275
         Punch             |       |     1 |     8 |    16 |     5 ||    30
         Demon whip        |       |       |       |   479 |   343 ||   822
         Unarmed           |       |       |       |    10 |       ||    10
  Throw: Throwing net      |       |     3 |     2 |       |       ||     5
         Javelin           |       |       |       |     2 |       ||     2
  Evoke: Wand              |       |       |       |     7 |       ||     7
    Use: Scroll            |       |       |    13 |    12 |       ||    25
         Potion            |       |       |     2 |     2 |     2 ||     6
   Stab: Sleeping          |     1 |     2 |     3 |     2 |     1 ||     9
         Held in net/web   |       |       |     1 |       |       ||     1
         Invisible         |       |       |       |       |     4 ||     4
 Armour: Leather armour    |    21 |    22 |    25 |     2 |       ||    70
         Steam dragon scal |       |       |       |    53 |    16 ||    69
         Skin              |       |       |       |     1 |       ||     1
  Dodge: Dodged            |    78 |   144 |   306 |   865 |   311 ||  1704
